TOP OF THE 1ST |
Mt Pleasant Bearcats batting - Pitching for Rio Grande Rattlesnake : RHP Alfonso Luna
|
Pitching: RHP Alfonso Luna
|
|
Batting: RHB Jeffrey Hicks
|
0-0: Called Strike 0-1: Ball 1-1: Swinging Strike 1-2: Ball 2-2: Ball 3-2: Strikes out swinging
|
Batting: RHB Ryosei Yamamoto
|
0-0: Ball 1-0: Foul Ball, location: 2F 1-1: Ball 2-1: SOLO HOME RUN (Flyball, 7LD), Distance : 332 ft
|
Batting: RHB Ricardo Salazar
|
0-0: Called Strike 0-1: Swinging Strike 0-2: Strikes out swinging
|
Batting: SHB Roberto Rivera
|
0-0: Called Strike 0-1: Ball 1-1: Ball 2-1: Foul Ball, location: 2F 2-2: Strikes out swinging
|
Top of the 1st over - 1 run(s), 1 hit(s), 0 error(s), 0 left on base; Mt Pleasant 1 - Rio Grande 0 |
BOTTOM OF THE 1ST |
Rio Grande Rattlesnake batting - Pitching for Mt Pleasant Bearcats : RHP Curt Howard
|
Pitching: RHP Curt Howard
|
|
Batting: SHB William Daly
|
0-0: Called Strike 0-1: Called Strike 0-2: Ball 1-2: Ball 2-2: Ball 3-2: Base on Balls
|
Batting: RHB Jeff Bane
|
0-0: Ball 1-0: SINGLE (Line Drive, 6MD) William Daly to second
|
Batting: RHB Paul Martin
|
0-0: Called Strike 0-1: Ball 1-1: Foul Ball, location: 2F 1-2: Ball 2-2: Ball 3-2: Base on Balls William Daly to third Jeff Bane to second
|
Batting: RHB Miguel Hernández
|
0-0: Ball 1-0: Ball 2-0: Ball 3-0: Called Strike 3-1: Base on Balls William Daly scores Jeff Bane to third Paul Martin to second
|
Batting: RHB Joe Courtier
|
0-0: Fly out, F4 (Popup, 34D)
|
Batting: RHB Rafael Carreón
|
0-0: Called Strike 0-1: Called Strike 0-2: Ball 1-2: Foul Ball, location: 2F 1-2: SINGLE (Groundball, 56D) Jeff Bane scores Paul Martin to third Miguel Hernández to second
|
Batting: RHB Iván De Jesús
|
0-0: Ball 1-0: Ball 2-0: Called Strike 2-1: Ball 3-1: Base on Balls Paul Martin scores Miguel Hernández to third Rafael Carreón to second
|
Batting: RHB Juan López
|
0-0: Ball 1-0: Ball 2-0: Called Strike 2-1: Grounds into double play, 4-6-3 (Groundball, 4)
|
Bottom of the 1st over - 3 run(s), 2 hit(s), 0 error(s), 2 left on base; Mt Pleasant 1 - Rio Grande 3 |
TOP OF THE 2ND |
Mt Pleasant Bearcats batting - Pitching for Rio Grande Rattlesnake : RHP Alfonso Luna
|
Batting: RHB Jim Beck
|
0-0: Ball 1-0: Ground out 6-3 (Groundball, 6)
|
Batting: RHB Irving Galloway
|
0-0: Foul Ball, location: 2F 0-1: Ball 1-1: Ground out 4-3 (Groundball, 34)
|
Batting: RHB Tom Hicks
|
0-0: Called Strike 0-1: TRIPLE (Flyball, 9LM)
|
Batting: SHB Juan Carlos González
|
0-0: Called Strike 0-1: Ball 1-1: Ball 2-1: Called Strike 2-2: DOUBLE (Popup, 4MD) Tom Hicks scores
|
Batting: RHB Juan Trujillo
|
0-0: Called Strike 0-1: Swinging Strike 0-2: Ball 1-2: Foul Ball, location: 2F 1-2: Ground out 5-3 (Groundball, 5S)
|
Top of the 2nd over - 1 run(s), 2 hit(s), 0 error(s), 1 left on base; Mt Pleasant 2 - Rio Grande 3 |
BOTTOM OF THE 2ND |
Rio Grande Rattlesnake batting - Pitching for Mt Pleasant Bearcats : RHP Curt Howard
|
Batting: SHB Jeremy Holmes
|
0-0: Called Strike 0-1: Foul Ball, location: 2F 0-2: SINGLE (Groundball, 34D)
|
Batting: SHB William Daly
|
0-0: Foul Ball, location: 2F 0-1: Ball 1-1: Ball 2-1: SINGLE (Flyball, 7LS) Jeremy Holmes to second
|
Batting: RHB Jeff Bane
|
0-0: Foul Ball, location: 2F 0-1: Fielders Choice at 2nd, 3-6 (Groundball, 3) Jeremy Holmes to third
|
Batting: RHB Paul Martin
|
0-0: Ball 1-0: SINGLE (Line Drive, 78S) Jeremy Holmes scores Jeff Bane to second
|
Batting: RHB Miguel Hernández
|
0-0: Ball Jeff Bane steals 3rd base Paul Martin to second 1-0: Ground out 5-3 (Groundball, 56) Jeff Bane scores
|
Batting: RHB Joe Courtier
|
0-0: Called Strike 0-1: Fly out, F8 (Flyball, 8RS)
|
Bottom of the 2nd over - 2 run(s), 3 hit(s), 0 error(s), 1 left on base; Mt Pleasant 2 - Rio Grande 5 |
TOP OF THE 3RD |
Mt Pleasant Bearcats batting - Pitching for Rio Grande Rattlesnake : RHP Alfonso Luna
|
Batting: RHB Jeffrey Hicks
|
0-0: Foul Ball, location: 2F 0-1: SINGLE (Groundball, 6MD)
|
Batting: RHB Ryosei Yamamoto
|
0-0: Ball 1-0: Swinging Strike 1-1: Ball 2-1: Swinging Strike 2-2: Ball 3-2: Base on Balls Jeffrey Hicks to second
|
Batting: RHB Ricardo Salazar
|
0-0: Ball 1-0: Called Strike 1-1: Ball 2-1: Foul Ball, location: 2F 2-2: Ball 3-2: Base on Balls Jeffrey Hicks to third Ryosei Yamamoto to second
|
Batting: SHB Roberto Rivera
|
0-0: Ball 1-0: Swinging Strike 1-1: Grounds out, U3 (Groundball, 3L) Jeffrey Hicks scores Ryosei Yamamoto to third
|
Batting: RHB Jim Beck
|
0-0: Foul Ball, location: 2F 0-1: Foul Ball, location: 2F 0-2: Strikes out swinging
|
Batting: RHB Irving Galloway
|
0-0: Foul Ball, location: 2F 0-1: Swinging Strike 0-2: Foul Ball, location: 2F 0-2: Ball 1-2: Strikes out swinging
|
Top of the 3rd over - 1 run(s), 1 hit(s), 0 error(s), 2 left on base; Mt Pleasant 3 - Rio Grande 5 |
BOTTOM OF THE 3RD |
Rio Grande Rattlesnake batting - Pitching for Mt Pleasant Bearcats : RHP Curt Howard
|
Batting: RHB Rafael Carreón
|
0-0: Ball 1-0: Ball 2-0: Foul Ball, location: 2F 2-1: Ball 3-1: Base on Balls
|
Batting: RHB Iván De Jesús
|
0-0: DOUBLE (Groundball, 5L) Rafael Carreón to third
|
Batting: RHB Juan López
|
0-0: Swinging Strike 0-1: Ball 1-1: Ball 2-1: Ball 3-1: Foul Ball, location: 2F 3-2: Ground out 6-3 (Groundball, 6) Rafael Carreón scores Iván De Jesús to third
|
Batting: SHB Jeremy Holmes
|
0-0: TRIPLE (Line Drive, 3D) Iván De Jesús scores
|
Pitching: RHP Brad White
|
|
Batting: SHB William Daly
|
0-0: Called Strike 0-1: Called Strike 0-2: Ball 1-2: Ground out U3 (Groundball, 3L)
|
Batting: RHB Jeff Bane
|
0-0: Called Strike 0-1: SINGLE (Flyball, 6MD) Jeremy Holmes scores
|
Batting: RHB Paul Martin
|
0-0: Ball Throwing error on steal attempt, E2 Jeff Bane to third 1-0: Ball 2-0: Fly out, F9 (Flyball, 9S)
|
Bottom of the 3rd over - 3 run(s), 3 hit(s), 1 error(s), 1 left on base; Mt Pleasant 3 - Rio Grande 8 |
TOP OF THE 4TH |
Mt Pleasant Bearcats batting - Pitching for Rio Grande Rattlesnake : RHP Alfonso Luna
|
Batting: RHB Tom Hicks
|
0-0: Called Strike 0-1: Foul Ball, location: 2F 0-2: Ball 1-2: Ball 2-2: Fly out, F9 (Line Drive, 9)
|
Batting: SHB Juan Carlos González
|
0-0: Foul Ball, location: 2F 0-1: Hit by Pitch
|
Batting: RHB Juan Trujillo
|
0-0: Ball 1-0: Called Strike 1-1: Ball 2-1: Swinging Strike 2-2: Fly out, F7 (Flyball, 7)
|
Batting: RHB Jeffrey Hicks
|
0-0: Ball Juan Carlos González is caught stealing 2nd base
|
Top of the 4th over - 0 run(s), 0 hit(s), 0 error(s), 0 left on base; Mt Pleasant 3 - Rio Grande 8 |
BOTTOM OF THE 4TH |
Rio Grande Rattlesnake batting - Pitching for Mt Pleasant Bearcats : RHP Brad White
|
Batting: RHB Miguel Hernández
|
0-0: Called Strike 0-1: Ball 1-1: Swinging Strike 1-2: Strikes out looking
|
Batting: RHB Joe Courtier
|
0-0: Ball 1-0: Ball 2-0: Foul Ball, location: 2F 2-1: Ball 3-1: Base on Balls
|
Batting: RHB Rafael Carreón
|
0-0: Fly out, F6 (Line Drive, 6)
|
Batting: RHB Iván De Jesús
|
0-0: Ball 1-0: Called Strike 1-1: Foul Ball, location: 2F 1-2: Ball 2-2: Fly out, F9 (Line Drive, 9)
|
Bottom of the 4th over - 0 run(s), 0 hit(s), 0 error(s), 1 left on base; Mt Pleasant 3 - Rio Grande 8 |
TOP OF THE 5TH |
Mt Pleasant Bearcats batting - Pitching for Rio Grande Rattlesnake : RHP Alfonso Luna
|
Batting: RHB Jeffrey Hicks
|
0-0: Fly out, F6 (Popup, 56D)
|
Batting: RHB Ryosei Yamamoto
|
0-0: Ball 1-0: Called Strike 1-1: Foul Ball, location: 2F 1-2: Strikes out swinging
|
Batting: RHB Ricardo Salazar
|
0-0: Called Strike 0-1: Foul Ball, location: 2F 0-2: Ball 1-2: Ball 2-2: Strikes out swinging
|
Top of the 5th over - 0 run(s), 0 hit(s), 0 error(s), 0 left on base; Mt Pleasant 3 - Rio Grande 8 |
BOTTOM OF THE 5TH |
Rio Grande Rattlesnake batting - Pitching for Mt Pleasant Bearcats : RHP Brad White
|
Batting: RHB Juan López
|
0-0: Ball 1-0: Ball 2-0: Called Strike 2-1: Called Strike 2-2: Foul Ball, location: 2F 2-2: Foul Ball, location: 2F 2-2: Strikes out looking
|
Batting: SHB Jeremy Holmes
|
0-0: Ball 1-0: Ground out 3-1 (Groundball, 34S)
|
Batting: SHB William Daly
|
0-0: Foul Ball, location: 2F 0-1: Foul Ball, location: 2F 0-2: Ball 1-2: Foul Ball, location: 2F 1-2: Ball 2-2: Foul Ball, location: 2F 2-2: Ball 3-2: Foul Ball, location: 2F 3-2: SINGLE (Groundball, 56S) (infield hit)
|
Batting: RHB Jeff Bane
|
0-0: Ball 1-0: Foul Ball, location: 2F 1-1: Foul Ball, location: 2F 1-2: Ball 2-2: Strikes out swinging
|
Bottom of the 5th over - 0 run(s), 1 hit(s), 0 error(s), 1 left on base; Mt Pleasant 3 - Rio Grande 8 |
TOP OF THE 6TH |
Mt Pleasant Bearcats batting - Pitching for Rio Grande Rattlesnake : RHP Alfonso Luna
|
Batting: SHB Roberto Rivera
|
0-0: Ball 1-0: SOLO HOME RUN (Line Drive, 9D), Distance : 363 ft
|
Batting: RHB Jim Beck
|
0-0: Foul Ball, location: 2F 0-1: Ground out 6-3 (Groundball, 56)
|
Batting: RHB Irving Galloway
|
0-0: Called Strike 0-1: Fly out, F5 (Popup, 5D)
|
Batting: RHB Tom Hicks
|
0-0: Ball 1-0: Ball 2-0: SINGLE (Flyball, 78M)
|
Batting: SHB Juan Carlos González
|
0-0: DOUBLE (Line Drive, 89M) Tom Hicks to third Runner from 3rd tries for Home, throw and OUT!
|
Top of the 6th over - 1 run(s), 3 hit(s), 0 error(s), 1 left on base; Mt Pleasant 4 - Rio Grande 8 |
BOTTOM OF THE 6TH |
Rio Grande Rattlesnake batting - Pitching for Mt Pleasant Bearcats : RHP Brad White
|
Batting: RHB Paul Martin
|
0-0: Called Strike 0-1: Swinging Strike 0-2: Ball 1-2: Strikes out swinging
|
Pitching: RHP Matt Stevenson
|
|
Batting: RHB Miguel Hernández
|
0-0: Called Strike 0-1: Ball 1-1: Ball 2-1: SINGLE (Groundball, 34D)
|
Batting: RHB Joe Courtier
|
0-0: Foul Ball, location: 2F 0-1: DOUBLE (Flyball, 89M) Miguel Hernández to third
|
Batting: RHB Rafael Carreón
|
0-0: Ball 1-0: Called Strike 1-1: Ball 2-1: Foul Ball, location: 2F 2-2: Ball 3-2: Strikes out swinging
|
Batting: RHB Iván De Jesús
|
0-0: Ball 1-0: Ball 2-0: Called Strike 2-1: Foul Ball, location: 2F 2-2: Ball 3-2: Base on Balls
|
Batting: RHB Juan López
|
0-0: Ball 1-0: Fielders Choice at 2nd, U6 (Groundball, 6M)
|
Bottom of the 6th over - 0 run(s), 2 hit(s), 0 error(s), 3 left on base; Mt Pleasant 4 - Rio Grande 8 |
TOP OF THE 7TH |
Mt Pleasant Bearcats batting - Pitching for Rio Grande Rattlesnake : RHP Alfonso Luna
|
Pitching: RHP Albert Gonzáles
|
|
Batting: RHB Juan Trujillo
|
0-0: Ball 1-0: Fly out, F9 (Flyball, 9S)
|
Batting: RHB Jeffrey Hicks
|
0-0: Called Strike 0-1: Ball 1-1: Foul Ball, location: 2F 1-2: Strikes out swinging
|
Batting: RHB Ryosei Yamamoto
|
0-0: Ball 1-0: Ball 2-0: Ball 3-0: Base on Balls
|
Batting: RHB Ricardo Salazar
|
0-0: Ball 1-0: Called Strike 1-1: Swinging Strike 1-2: Foul Ball, location: 2F 1-2: Ball 2-2: Strikes out swinging
|
Top of the 7th over - 0 run(s), 0 hit(s), 0 error(s), 1 left on base; Mt Pleasant 4 - Rio Grande 8 |
BOTTOM OF THE 7TH |
Rio Grande Rattlesnake batting - Pitching for Mt Pleasant Bearcats : RHP Matt Stevenson
|
Batting: SHB Jeremy Holmes
|
0-0: Ball 1-0: Ball 2-0: Called Strike 2-1: Foul Ball, location: 2F 2-2: Strikes out swinging
|
Pitching: RHP Carlos Mendoza
|
|
Batting: SHB William Daly
|
0-0: Swinging Strike 0-1: Ground out 3-1 (Groundball, 34)
|
Batting: RHB Jeff Bane
|
0-0: Ground out U3 (Groundball, 34S)
|
Bottom of the 7th over - 0 run(s), 0 hit(s), 0 error(s), 0 left on base; Mt Pleasant 4 - Rio Grande 8 |
TOP OF THE 8TH |
Mt Pleasant Bearcats batting - Pitching for Rio Grande Rattlesnake : RHP Albert Gonzáles
|
Batting: SHB Roberto Rivera
|
0-0: Ball 1-0: Ball 2-0: Called Strike 2-1: Ball 3-1: Foul Ball, location: 2F 3-2: Foul Ball, location: 2F 3-2: Base on Balls
|
Batting: RHB Jim Beck
|
0-0: Ball Wild Pitch! Roberto Rivera to second 1-0: Ball 2-0: Foul Ball, location: 2F 2-1: Ball 3-1: Swinging Strike 3-2: Strikes out looking
|
Batting: RHB Irving Galloway
|
0-0: Called Strike 0-1: Fly out, F8 (Line Drive, 8LD) Runner from 2nd tags up, SAFE at 3rd, no throw
|
Batting: RHB Tom Hicks
|
0-0: Called Strike 0-1: Ball 1-1: Foul Ball, location: 2F 1-2: Fly out, F3 (Popup, 3L)
|
Top of the 8th over - 0 run(s), 0 hit(s), 0 error(s), 1 left on base; Mt Pleasant 4 - Rio Grande 8 |
BOTTOM OF THE 8TH |
Rio Grande Rattlesnake batting - Pitching for Mt Pleasant Bearcats : RHP Carlos Mendoza
|
Batting: RHB Paul Martin
|
0-0: Ball 1-0: Ball 2-0: Ball 3-0: Called Strike 3-1: Base on Balls
|
Batting: RHB Miguel Hernández
|
0-0: Ball 1-0: SINGLE (Line Drive, 89S) Paul Martin to second
|
Batting: RHB Joe Courtier
|
0-0: Foul Ball, location: 2F 0-1: Ball 1-1: Foul Ball, location: 2F 1-2: TRIPLE (Flyball, 9LM) Paul Martin scores Miguel Hernández scores
|
Batting: RHB Rafael Carreón
|
0-0: Foul Ball, location: 2F 0-1: Ball 1-1: Ball 2-1: Called Strike 2-2: Foul Ball, location: 2F 2-2: Ball 3-2: Strikes out swinging
|
Batting: RHB Iván De Jesús
|
0-0: Called Strike 0-1: Swinging Strike 0-2: SINGLE (Line Drive, 5D) Joe Courtier scores
|
Batting: RHB Juan López
|
0-0: Ball 1-0: Ball 2-0: Foul Ball, location: 2F 2-1: Foul Ball, location: 2F 2-2: SINGLE (Flyball, 8LS) Iván De Jesús to second
|
Batting: SHB Jeremy Holmes
|
0-0: Called Strike 0-1: Called Strike 0-2: Foul Ball, location: 2F 0-2: Ball 1-2: Ball 2-2: Fly out, F8 (Flyball, 8RM)
|
Batting: SHB William Daly
|
0-0: Fly out, F4 (Popup, 4D)
|
Bottom of the 8th over - 3 run(s), 4 hit(s), 0 error(s), 2 left on base; Mt Pleasant 4 - Rio Grande 11 |
TOP OF THE 9TH |
Mt Pleasant Bearcats batting - Pitching for Rio Grande Rattlesnake : RHP Albert Gonzáles
|
Batting: SHB Juan Carlos González
|
0-0: Ground out 4-3 (Groundball, 34)
|
Batting: RHB Juan Trujillo
|
0-0: Ground out 5-3 (Groundball, 56)
|
Batting: RHB Jeffrey Hicks
|
0-0: Foul Ball, location: 2F 0-1: Swinging Strike 0-2: Hit by Pitch
|
Batting: RHB Ryosei Yamamoto
|
0-0: Called Strike 0-1: Called Strike 0-2: Ball 1-2: Strikes out swinging
|
Top of the 9th over - 0 run(s), 0 hit(s), 0 error(s), 1 left on base; Mt Pleasant 4 - Rio Grande 11 |
|